 Dungeon Crawl Stone Soup version 0.23.0 (console) character file.

Game seed: 11429327331932646992

61150 vogonpoet the Unseen (level 14, -3/74 HPs)
             Began as a Spriggan Enchanter on Feb 9, 2019.
             Was a High Priest of Ashenzari.
             Slain by an ettin
             ... wielding a +0 dire flail
              (35 damage)
             ... on level 1 of the Orcish Mines.
             The game lasted 01:49:32 (22394 turns).

vogonpoet the Unseen (Spriggan Enchanter)          Turns: 22394, Time: 01:49:32

Health: -3/74      AC:  7    Str:  5    XL:     14   Next: 59%
Magic:  24/29      EV: 26    Int: 22    God:    Ashenzari [*****.]
Gold:   1841       SH:  0    Dex: 17    Spells: 9/33 levels left

rFire    . . .     SeeInvis +   E - +4 dagger (protect) (curse)
rCold    . . .     Gourm    .   (shield restricted)
rNeg     . . .     Faith    +   N - +0 acid dragon scales (curse)
rPois    +         Spirit   .   (helmet restricted)
rElec    .         Reflect  .   (no cloak)
rCorr    +         Harm     .   (gloves unavailable)
MR       ++...     Clarity  +   (boots unavailable)
Stlth    ++++++....             L - amulet of faith (curse)
HPRegen  1.22/turn              n - +2 ring of intelligence (curse)
MPRegen  0.21/turn              D - ring of poison resistance

@: regenerating, very quick
A: very small, unfitting armour, see invisible, herbivore, speed 3, slow
metabolism 2
a: Curse Item, Scrying, Transfer Knowledge, Renounce Religion


You were on level 1 of the Orcish Mines.
You worshipped Ashenzari.
Ashenzari was extremely pleased with you.
You were not hungry.

You visited 4 branches of the dungeon, and saw 20 of its levels.

You collected 1841 gold pieces.

Inventory:

Hand Weapons
 r - a +1 dagger of venom
 E - a cursed +4 dagger of protection (weapon)
 W - a +8 blowgun
Missiles
 h - 7 tomahawks (quivered)
 O - a throwing net
 X - 4 curare-tipped needles
Armour
 q - a +2 robe of magic resistance
 M - +0 ice dragon scales
 N - cursed +0 acid dragon scales (worn)
Jewellery
 b - an uncursed ring of positive energy
 n - a cursed +2 ring of intelligence (left hand)
 D - a ring of poison resistance (right hand)
 L - a cursed amulet of faith (around neck)
 Q - an uncursed ring of stealth
 R - a +3 ring of dexterity
Wands
 g - a wand of disintegration (8)
 y - a wand of random effects (35)
 C - a wand of acid (29)
 H - a wand of flame (31)
 I - a wand of polymorph (19)
 K - a wand of digging (9)
 P - a wand of scattershot (6)
 Z - a wand of iceblast (5)
Scrolls
 i - 13 scrolls of teleportation {unknown}
 j - 6 scrolls of magic mapping
 l - a scroll of enchant armour
 m - 3 scrolls of fog
 p - 2 scrolls of blinking
 J - 2 scrolls of fear
 S - 3 scrolls of remove curse
Potions
 a - 3 potions of mutation
 c - 2 potions of invisibility
 e - a potion of brilliance
 f - 3 potions of heal wounds
 k - 7 potions of curing
 o - 5 potions of berserk rage
 s - 5 potions of magic
 t - 2 potions of haste
 w - a potion of might {unknown}
 A - 2 potions of flight
 B - 2 potions of agility
 T - 2 potions of lignification
 V - 2 potions of cancellation
Miscellaneous
 Y - a phantom mirror
Comestibles
 d - 16 rations


   Skills:
 - Level 8.5 Fighting
 - Level 9.0(12.8) Short Blades
 - Level 5.7 Armour
 + Level 14.5 Dodging
 - Level 15.0 Stealth
 - Level 10.0 Spellcasting
 - Level 5.0(7.6) Conjurations
 - Level 8.0(10.6) Hexes
 - Level 4.1(6.6) Charms
 - Level 1.1(2.7) Necromancy
 - Level 4.2(6.7) Fire Magic
 - Level 2.0(4.0) Ice Magic
 - Level 8.0(10.7) Earth Magic


You had 9 spell levels left.
You knew the following spells:

 Your Spells              Type           Power        Failure   Level  Hunger
a - Corona                Hex            ######.      1%          1    None
b - Ensorcelled Hibernat  Hex/Ice        #####.       1%          2    None
c - Confuse               Hex            ######..     1%          3    None
d - Tukima's Dance        Hex            ######..     1%          3    None
e - Dazzling Spray        Conj/Hex       ######       1%          3    None
f - Sticky Flame          Conj/Fire      #####...     6%          4    ##.....
g - Regeneration          Chrm/Necr      ####......   5%          3    None
h - Stone Arrow           Conj/Erth      ######       1%          3    None
w - Passwall              Tmut/Erth      #####...     1%          2    None

Your spell library contained the following spells:

 Spells                   Type           Power        Failure   Level  Hunger
 Flame Tongue             Conj/Fire      #####        1%          1    None
 Sandblast                Erth           ######       1%          1    None
 Throw Flame              Conj/Fire      #####.       1%          2    None
 Conjure Flame            Conj/Fire      #####...     1%          3    None
 Inner Flame              Hex/Fire       #####...     1%          3    None
 Shock                    Conj/Air       ####         2%          1    None
 Animate Skeleton         Necr           N/A          3%          1    None
 Pain                     Necr           ###.         3%          1    None
 Portal Projectile        Hex/Tloc       #####.       3%          3    None
 Swiftness                Chrm/Air       ####....     4%          2    None
 Lee's Rapid Deconstruct  Erth           ######....   4%          5    ####...
 Static Discharge         Conj/Air       ####....     7%          3    None
 Beastly Appendage        Tmut           ##....       11%         1    None
 Vampiric Draining        Necr           ###.......   12%         3    None
 Petrify                  Tmut/Erth      #####...     12%         4    ##.....
 Sticks to Snakes         Tmut           ##......     16%         2    None
 Fireball                 Conj/Fire      #####.....   17%         5    ####...
 Recall                   Summ/Tloc      N/A          30%         3    None
 Spider Form              Tmut/Pois      ##........   30%         3    None
 Animate Dead             Necr           N/A          36%         4    ##.....
 Iron Shot                Conj/Erth      ######....   38%         6    ######.
 Ice Form                 Ice/Tmut       ###.....     43%         4    ##.....
 Lightning Bolt           Conj/Air       ####......   54%         5    ####...
 Airstrike                Air            ##........   71%         4    ##.....
 Blade Hands              Tmut           ##........   96%         5    ####...


Dungeon Overview and Level Annotations

Branches:
Dungeon (11/15)            Temple (1/1) D:5            Lair (6/6) D:9
  Swamp (0/4) Lair:2       Spider (0/4) Lair:4        Slime (0/5) Lair:6
    Orc (2/2) D:11
    Elf: Orc:2

Altars:
Ashenzari
Cheibriados
Dithmenos
Elyvilon
Fedhas
Gozag
Hepliaklqana
Kikubaaqudgha
Makhleb
Nemelex Xobeh
Okawaru
Qazlal
Ru
Sif Muna
Trog
Uskayaw
Vehumet
Wu Jian
Xom
Yredelemnul
Zin
The Shining One
Beogh
Jiyva

Shops:
Orc:2 !

Annotations:
D:7 exclusion: electric eel
Lair:5 exclusion: fire dragon


Innate Abilities, Weirdness & Mutations

You are very small and have problems with some larger weapons.
You are too small for most types of armour.
You have supernaturally acute eyesight. (SInv)
You are a herbivore.
You cover ground extremely quickly.
You need to consume almost no food.


Message History

Your skin crawls.
You climb downwards.
The ogre completely misses you. The ettin completely misses you.
The ettin closely misses you. The orc completely misses you.
There is a stone staircase leading up here.
The ettin hits you with a +0 dire flail!!!
Ouch! That really hurt!
The ettin completely misses you. The ogre barely misses you.
The orc closely misses you.
You hear a shout! x5
You climb upwards.
There is a stone staircase leading down here.
Casting: Regeneration (safe; 5% risk of failure)
Confirm with . or Enter, or press ? or * to list all spells.
Aiming: Confuse (safe; 1% risk of failure)
Press: ? - help, Shift-Dir - straight line, f - ettin
Aim: an ettin, wielding two +0 dire flails (chance to defeat MR: 58%)
The ettin resists with significant effort.
The ettin hits you with a +0 dire flail!!
You die...

* *
###.#..).##.....#..## ,
*
##........###........#
,*
##..........#..........
, *
#..........###.........
###.........###........
,**,*
###.......###.......#
*** ##......#).)..##.##
* #oC.........##.##
#@O........#####
###........# * *
#........# * , *
###.....## , , ,* *
##.#### ,,,,, , ###
*,** ,,∆* , ,** , , ,
,* , , *


You could see an ettin, an ogre and an orc.

Vanquished Creatures
  Nessos (Lair:6)
  Erolcha (D:9)
  7 hydras
  A catoblepas (Lair:5)
  A two-headed ogre (Orc:1)
  A death yak (Lair:5)
  Sonja (Lair:1)
  A fire crab (Lair:6)
  The ghost of RatmanManrat the Basher, a novice MiBe of Trog (D:5)
  A cyclops (D:11)
  An orc sorcerer (Orc:2)
  A moth of wrath (Lair:5)
  6 elephants (Lair:5)
  A molten gargoyle (Lair:5)
  7 black mambas
  2 torpor snails (Lair:5)
  29 spiny frogs
  3 rime drakes
  6 komodo dragons
  A troll (Orc:1)
  A queen bee (D:11)
  3 polar bears
  17 tyrant leeches
  A dancing weapon (Orc:2)
  6 dream sheep
  25 blink frogs
  6 hippogriffs
  Sigmund (D:5)
  A spriggan (Lair:2)
  A wyvern (Lair:3)
  3 basilisks
  45 yaks
  6 vampire mosquitoes
  2 hungry ghosts
  6 swamp worms
  2 wargs
  An acid dragon (D:11)
  11 water moccasins
  7 porcupines
  4 ice beasts
  3 black bears
  2 sky beasts
  4 boggarts (Lair:4)
  5 orc warriors
  10 ogres
  16 wolves
  7 centaurs
  29 crocodiles
  Blork the orc (D:4)
  25 bullfrogs
  2 scorpions
  A water moccasin skeleton (D:6)
  18 killer bees
  A howler monkey (D:6)
  2 electric eels
  5 crimson imps
  A lava snake (Lair:5)
  4 bullfrog zombies
  3 quasits
  4 hounds
  4 jellies
  11 orc priests
  8 orc wizards
  A bullfrog skeleton (D:6)
  5 centaur skeletons
  Ijyb (D:3)
  8 iguanas
  10 worker ants
  3 gnolls (D:4)
  3 howler monkey skeletons
  14 adders
  4 adder zombies
  3 adder skeletons
  3 worms
  5 dart slugs
  11 leopard geckos
  38 orcs
  7 bats
  7 giant cockroaches
  15 goblins
  9 hobgoblins
  2 jackals (D:3)
  10 kobolds
  4 quokkas
  4 ball pythons
  A ball python skeleton (D:4)
  12 frilled lizards
  A giant cockroach zombie (D:5)
  A leopard gecko skeleton (D:5)
  A leopard gecko zombie (D:5)
  3 quokka skeletons
  8 rats
  A butterfly (Lair:4)
  2 fungi (Lair:6)
585 creatures vanquished.

Vanquished Creatures (collateral kills)
  3 two-headed ogres
  4 ogres
  An orc warrior (Orc:1)
  A gnoll (D:4)
  An orc (D:10)
10 creatures vanquished.

Vanquished Creatures (others)
  2 dancing weapons (Orc:2)
  A bush (Lair:4)
  15 fungi
  46 plants
64 creatures vanquished.

Grand Total: 659 creatures vanquished

Notes
Turn   | Place    | Note
-------+----------+-------------------------------------------
     0 | D:1      | vogonpoet the Spriggan Enchanter began the quest for the
                  | Orb.
     0 | D:1      | Reached XP level 1. HP: 9/9 MP: 5/5
    81 | D:1      | Reached XP level 2. HP: 5/13 MP: 6/6
   183 | D:2      | Learned a level 2 spell: Ensorcelled Hibernation
   811 | D:1      | Reached XP level 3. HP: 16/16 MP: 1/8
   876 | D:1      | Learned a level 3 spell: Confuse
  1406 | D:2      | Found an iron altar of Okawaru.
  1803 | D:2      | Reached XP level 4. HP: 17/21 MP: 7/10
  1928 | D:2      | Learned a level 3 spell: Tukima's Dance
  2153 | D:2      | Reached skill level 5 in Hexes
  3069 | D:3      | Noticed a bullfrog
  3077 | D:3      | Killed a bullfrog
  3077 | D:3      | Reached skill level 5 in Stealth
  3077 | D:3      | Reached XP level 5. HP: 14/24 MP: 12/12
  3295 | D:3      | Reached skill level 6 in Stealth
  3974 | D:3      | Noticed Ijyb
  4120 | D:4      | Reached XP level 6. HP: 19/28 MP: 12/14
  4281 | D:4      | Reached skill level 5 in Spellcasting
  4288 | D:4      | Learned a level 3 spell: Dazzling Spray
  4294 | D:4      | Noticed Blork the orc
  4335 | D:4      | Killed Blork the orc
  4335 | D:4      | Reached skill level 7 in Stealth
  4748 | D:4      | Reached XP level 7. HP: 28/32 MP: 10/15
  4960 | D:5      | Entered Level 5 of the Dungeon
  4960 | D:5      | Found a runed translucent door.
  4960 | D:5      | Noticed RatmanManrat's ghost (novice MiBe)
  5083 | D:5      | Reached skill level 8 in Stealth
  5104 | D:5      | Reached skill level 5 in Short Blades
  5223 | D:5      | Found a staircase to the Ecumenical Temple.
  5333 | Temple   | Entered the Ecumenical Temple
  5361 | Temple   | Became a worshipper of Ashenzari the Shackled
  5508 | D:5      | Noticed Sigmund
  5556 | D:5      | Killed Sigmund
  5876 | D:4      | Reached XP level 8. HP: 18/36 MP: 5/20
  6513 | D:6      | Found a burning altar of Makhleb.
  6556 | D:6      | Reached skill level 1 in Conjurations
  6556 | D:6      | Reached skill level 1 in Ice Magic
  7585 | D:7      | Reached * piety under Ashenzari
  7592 | D:7      | Reached XP level 9. HP: 39/39 MP: 19/22
  7705 | D:8      | Reached skill level 9 in Stealth
  7736 | D:8      | Learned a level 3 spell: Regeneration
  8185 | D:8      | Reached skill level 10 in Stealth
  8247 | D:8      | Reached skill level 1 in Charms
  8329 | D:8      | Reached skill level 1 in Necromancy
  8439 | D:9      | Identified the +11 halberd of the Three Shrikes {venom,
                  | Dex+5}
  8453 | D:9      | Found a staircase to the Lair.
  8475 | Lair:1   | Entered Level 1 of the Lair of Beasts
  8475 | Lair:1   | Noticed a rime drake
  8476 | Lair:1   | Killed a rime drake
  8476 | Lair:1   | Reached skill level 1 in Fighting
  8497 | Lair:1   | Noticed a spiny frog
  8544 | Lair:1   | Noticed Sonja
  8554 | Lair:1   | Reached skill level 11 in Stealth
  8674 | D:9      | Noticed a two-headed ogre
  8711 | D:9      | Killed a two-headed ogre
  8779 | D:9      | Reached XP level 10. HP: 47/47 MP: 13/23
  8785 | D:9      | Reached skill level 12 in Stealth
  9009 | D:9      | Noticed Erolcha
  9022 | D:9      | Killed Erolcha
  9344 | D:10     | Entered Level 10 of the Dungeon
  9424 | D:10     | Reached ** piety under Ashenzari
  9435 | D:10     | Reached skill level 5 in Dodging
  9986 | D:11     | Noticed a six-headed hydra
 10314 | D:11     | Reached skill level 5 in Fighting
 10416 | D:11     | Noticed a two-headed ogre
 10520 | D:11     | Killed a two-headed ogre
 10520 | D:11     | Reached XP level 11. HP: 54/56 MP: 2/24
 10984 | D:11     | Killed a six-headed hydra
 11611 | D:11     | Found a staircase to the Orcish Mines.
 12204 | Lair:1   | Killed Sonja
 12204 | Lair:1   | Reached skill level 1 in Armour
 13077 | Lair:2   | Reached skill level 5 in Armour
 13103 | Lair:2   | Reached *** piety under Ashenzari
 13215 | Lair:2   | Reached XP level 12. HP: 55/63 MP: 11/25
 13220 | Lair:2   | Reached skill level 10 in Dodging
 13581 | Lair:2   | Found a staircase to the Swamp.
 13593 | Lair:2   | Reached skill level 13 in Stealth
 13854 | Lair:3   | Noticed a five-headed hydra
 13878 | Lair:3   | Reached skill level 14 in Stealth
 14009 | Lair:3   | Found a hazy altar of Hepliaklqana.
 14203 | Lair:3   | Reached skill level 15 in Stealth
 14209 | Lair:3   | Learned a level 4 spell: Sticky Flame
 14351 | Lair:3   | Reached **** piety under Ashenzari
 14358 | Lair:3   | Reached skill level 1 in Fire Magic
 14441 | Lair:3   | Killed a five-headed hydra
 14855 | Lair:4   | Found a hole to the Spider Nest.
 14942 | Lair:4   | Noticed a six-headed hydra
 15091 | Lair:4   | Killed a six-headed hydra
 15132 | Lair:4   | Noticed a five-headed hydra
 15436 | Lair:4   | Reached skill level 5 in Conjurations
 15610 | Lair:4   | Killed a five-headed hydra
 15610 | Lair:4   | Reached XP level 13. HP: 67/67 MP: 21/26
 15820 | Lair:4   | Identified the +1 plate armour "Lirejor" {rPois rF+ Dex+4}
 15822 | Lair:5   | Reached ***** piety under Ashenzari
 17682 | Lair:5   | Identified Ezabuen's Tome of Earthen Displacement
 17695 | Lair:5   | Learned a level 3 spell: Stone Arrow
 17745 | Lair:5   | Noticed a fire dragon
 17777 | Lair:5   | Reached skill level 1 in Earth Magic
 18074 | Lair:6   | Entered Level 6 of the Lair of Beasts
 18075 | Lair:6   | Noticed Nessos
 18373 | Lair:5   | Learned a level 2 spell: Passwall
 18711 | Lair:6   | Reached skill level 5 in Earth Magic
 18924 | Lair:5   | Reached XP level 14. HP: 63/74 MP: 8/28
 19058 | Lair:6   | Reached skill level 10 in Spellcasting
 19363 | Lair:6   | Found a staircase to the Slime Pits.
 19378 | Lair:6   | Found a viscous altar of Jiyva.
 20503 | Lair:6   | Killed Nessos
 21274 | D:5      | Killed RatmanManrat's ghost
 21350 | D:3      | Killed Ijyb
 21649 | Orc:1    | Entered Level 1 of the Orcish Mines
 21855 | Orc:2    | Entered Level 2 of the Orcish Mines
 21926 | Orc:2    | Found a roughly hewn altar of Beogh.
 22030 | Orc:2    | Found Xueffec's Distillery.
 22394 | Orc:1    | Slain by an ettin

Skill      XL: |  1  2  3  4  5  6  7  8  9 10 11 12 13 14 |
---------------+-------------------------------------------+-----
Short Blades   | 2 3 4 5 6 8 9 |  9.0
Hexes          | 4 5 7 8 |  8.0
Spellcasting   | 3 4 5 7 8 9 10 | 10.0
Stealth        | 5 6 7 8 11 12 15 | 15.0
Conjurations   | 2 5 |  5.0
Ice Magic      | 1 2 |  2.0
Charms         | 4 |  4.1
Necromancy     | 1 |  1.1
Fighting       | 2 5 7 8 |  8.5
Dodging        | 6 9 10 12 14 | 14.5
Armour         | 5 |  5.7
Fire Magic     | 4 |  4.2
Earth Magic    | 5 8 |  8.0

Action                   |  1- 3 |  4- 6 |  7- 9 | 10-12 | 13-15 || total
-------------------------+-------+-------+-------+-------+-------++-------
Melee: Dagger            |    78 |   134 |   266 |   292 |   472 ||  1242
Throw: Tomahawk          |    18 |     8 |     5 |     9 |    19 ||    59
       Stone             |       |     2 |     4 |       |       ||     6
 Cast: Corona            |     3 |       |       |       |       ||     3
       Ensorcelled Hiber |    22 |    33 |    50 |   186 |   208 ||   499
       Confuse           |     2 |    12 |    46 |    58 |    88 ||   206
       Tukima's Dance    |       |     3 |    10 |     6 |    15 ||    34
       Dazzling Spray    |       |     1 |     7 |     2 |    19 ||    29
       Regeneration      |       |       |     2 |    10 |    10 ||    22
       Sticky Flame      |       |       |       |     4 |     1 ||     5
       Passwall          |       |       |       |       |     2 ||     2
Invok: Curse Item        |       |       |     2 |     2 |       ||     4
Evoke: Wand              |       |       |       |     9 |       ||     9
  Use: Scroll            |       |       |     7 |    12 |     6 ||    25
 Stab: Sleeping          |    25 |    39 |    46 |   132 |   134 ||   376
       Confused          |     1 |     7 |    28 |    35 |    66 ||   137
       Invisible         |       |       |     1 |     1 |     6 ||     8
       Distracted        |       |       |       |     4 |     3 ||     7
  Eat: Ration            |       |     2 |     3 |     3 |     4 ||    12
Armor: Robe              |     2 |     7 |    10 |     6 |       ||    25
       Acid dragon scale |       |       |       |    16 |    47 ||    63
Dodge: Dodged            |    64 |    60 |   140 |   208 |   343 ||   815
